 Dungeon Crawl Stone Soup version 0.18-a0-1229-ge9a1a01 (webtiles) character file.

81007 Gagarin the Eclecticist (level 15, -8/90 HPs)
             Began as a High Elf Wizard on Feb 2, 2016.
             Was the Champion of Vehumet.
             Killed from afar by a deep elf mage (36 damage)
             ... with a bolt of lightning
             ... on level 2 of the Orcish Mines on Feb 4, 2016.
             The game lasted 04:47:30 (31528 turns).

Gagarin the Eclecticist (High Elf Wizard)          Turns: 31528, Time: 04:47:30

Health: -8/90      AC: 15    Str: 16    XL:     15   Next: 25%
Magic:  8/35       EV: 24    Int: 27    God:    Vehumet [******]
Gold:   1567       SH:  8    Dex: 15    Spells: 14 memorised, 3 levels left

rFire  . . .     SeeInvis .     O - +3 rapier (venom)
rCold  . . .     Gourm    .     b - +2 robe {MR+}
rNeg   + . .     Faith    .     (no shield)
rPois  .         Spirit   .     V - +2 hat
rElec  .         Dismiss  .     H - +2 cloak {MR+}
rCorr  .         Reflect  +     s - +2 pair of gloves
SustAt .         Harm     .     J - +2 pair of boots
MR     +++..                    F - brooch of Shielding {Reflect SH+8}
Stlth  +++++.....               v - +5 ring of evasion
                                a - ring of the Priest {rN+ Str+8}

@: extremely resistant to hostile enchantments, quite stealthy
A: no striking features
a: Renounce Religion


You were on level 2 of the Orcish Mines.
You worshipped Vehumet.
Vehumet was exalted by your worship.
You were hungry.

You visited 5 branches of the dungeon, and saw 24 of its levels.
You also visited: Bailey.

You collected 2267 gold pieces.
You spent 700 gold pieces at shops.

Inventory:

Hand Weapons
 c - a +2 antimagic short sword
 C - a +2 vampiric dagger
 G - a +0 blowgun
 O - a +3 rapier of venom (weapon)
Missiles
 f - 65 poisoned needles
 S - 4 throwing nets (quivered)
 Z - 7 curare-tipped needles
Armour
 b - a +2 robe of magic resistance (worn)
 s - a +2 pair of gloves (worn)
 B - a mottled dragon hide
 H - a +2 cloak of magic resistance (worn)
 J - a +2 pair of boots (worn)
 Q - a troll hide
 U - a +2 robe of magic resistance
 V - a +2 hat (worn)
 W - a +1 robe of fire resistance
 X - a +3 leather armour
Magical Staves
 e - an uncursed staff of energy
 I - an uncursed staff of poison
Jewellery
 a - the ring of the Priest (left hand) {rN+ Str+8}
   (You found it on level 9 of the Dungeon)

   [ring of positive energy]

   It affects your strength (+8).
   It protects you from negative energy.
 v - a +5 ring of evasion (right hand)
 F - the brooch of Shielding (around neck) {Reflect SH+8}
   (You took it off a centaur on level 7 of the Dungeon)

   [amulet of reflection]

   It shields you and reflects attacks.
   It affects your SH (+8).
Wands
 h - a wand of teleportation (6/9)
 n - a wand of paralysis (14/24)
 u - a wand of paralysis (15/24)
 w - a wand of paralysis (12/24)
 y - a wand of paralysis (17/24)
 z - a wand of flame (26/48)
 A - a wand of iceblast (2/15)
 P - a wand of flame (21/48)
 R - a wand of acid (7/15)
 T - a wand of polymorph (8/24)
Scrolls
 k - 7 scrolls of remove curse
 l - a scroll of vulnerability {unknown}
 m - 7 scrolls of teleportation
 o - 4 scrolls of identify
 r - 2 scrolls of magic mapping
 D - a scroll of fog
 L - 2 scrolls of recharging
 N - 3 scrolls of blinking
Potions
 j - 2 potions of resistance
 p - 4 potions of flight
 q - 5 potions of curing
 t - 5 potions of brilliance
 x - a potion of mutation {unknown}
 K - 3 potions of cancellation
 M - a potion of lignification
 Y - 2 potions of magic {unknown}
Miscellaneous
 E - an ornate deck of changes
Comestibles
 d - 14 bread rations
 g - 3 fruits
 i - 2 meat rations


   Skills:
 + Level 4.6 Fighting
 + Level 6.2 Short Blades
 + Level 0.2 Staves
 + Level 5.5 Throwing
 + Level 2.2 Armour
 + Level 11.0 Dodging
 + Level 9.9 Stealth
 + Level 15.7 Spellcasting
 + Level 12.0 Conjurations
 + Level 7.7 Hexes
 + Level 0.8 Charms
   Level 0.8 Summonings
 + Level 3.2 Translocations
 + Level 3.5 Transmutations
 + Level 6.0 Fire Magic
 + Level 5.0 Air Magic
 + Level 2.6 Earth Magic
 + Level 4.4 Poison Magic
 + Level 1.1 Evocations


You had 3 spell levels left.
You knew the following spells:

 Your Spells              Type           Power        Failure   Level  Hunger
a - Magic Dart            Conj           ####         0%          1    None
b - Repel Missiles        Chrm/Air       #####.       1%          2    None
c - Blink                 Tloc           N/A          1%          2    None
d - Mephitic Cloud        Conj/Pois/Air  ######..     1%          3    None
e - Conjure Flame         Conj/Fire      ######..     1%          3    None
f - Dazzling Spray        Conj/Hex       ######..     1%          3    None
g - Corona                Hex            ######.      1%          1    None
h - Confuse               Hex            ######..     1%          3    None
i - Bolt of Magma         Conj/Fire/Erth ######....   1%          5    None
j - Swiftness             Chrm/Air       #####...     1%          2    None
k - Ignite Poison         Fire/Trmt/Pois #####...     1%          3    None
l - Gell's Gravitas       Hex/Tloc       ######....   1%          3    None
m - Poisonous Cloud       Conj/Pois/Air  ######....   5%          6    ####...
n - Iskenderun's Battles  Conj/Chrm      ######..     1%          5    None


Dungeon Overview and Level Annotations

Branches:
Dungeon (12/15)            Temple (1/1) D:7            Lair (8/8) D:11
 Shoals (0/4) Lair:3       Spider (0/4) Lair:5        Slime (0/6) Lair:6
    Orc (2/2) D:12            Elf (1/3) Orc:2

Altars:
Ashenzari
Cheibriados
Dithmenos
Elyvilon
Fedhas
Gozag
Kikubaaqudgha
Makhleb
Nemelex Xobeh
Okawaru
Pakellas
Qazlal
Ru
Sif Muna
Trog
Vehumet
Xom
Yredelemnul
Zin
The Shining One
Beogh

Shops:
D:4 (   D:5 (   D:7 *   D:10 ?   Orc:2 [(?}

Annotations:
Orc:2 Kirke


Message History

Casting: Ignite Poison
Confirm with . or Enter, or press ? or * to list all spells.
Aiming: Confuse
Press: ? - help, Shift-Dir - straight line, f - deep elf mage
Aim: a deep elf mage, wielding a long sword (severely wounded, chance to defeat MR: 60%)
The mace of holy wrath is unaffected.
You block the mace of holy wrath's attack.
The deep elf mage casts a spell at you.
The bolt of lightning hits the mace of holy wrath.
The mace of holy wrath completely resists.
The bolt of lightning misses you.
Kirke is engulfed in roaring flames.
The mace of holy wrath hits you!
* * * LOW HITPOINT WARNING * * *
Drink which item? (? for menu, Esc to quit)
You feel better. The deep elf mage casts a spell at you.
The bolt of lightning hits the mace of holy wrath.
The mace of holy wrath completely resists.
The bolt of lightning hits you!
You die...

..# ##.####..#...##..# .##
##..#...........### #.#
####....[.#.........## ..##
#.........###.##.....##
...###...[)...###..........#
.......).......#...........#
.......).#.................#####
........###..........##.#......#
.......#.#......@...#####......##
......#...#.#.)@(...# ###.....#..
..........#..§h§[...###.......###
.............§§§e...#.........#
.............§§§#.............#
.............................##
....##.#.....##.#.........<.##
...###.#......##..........###
..<.###......####.###....#.##


You could see Kirke, a deep elf mage, a hog and a mace of holy wrath.

Vanquished Creatures
  A stone giant (Orc:1)
  Nessos (Lair:8)
  Snorg (D:11)
  An ettin (Orc:2)
  Harold (Orc:1)
  10 hydras
  The ghost of Azzok the Basher, a novice TrMo (D:10)
  2 catoblepae
  3 death yaks (Lair:5)
  Nergalle (Orc:1)
  An unseen horror (D:12)
  2 hill giants
  4 orc knights
  3 ugly things
  2 deep elf magi
  A necromancer (Lair:8)
  A griffon (Lair:3)
  7 orc sorcerers (Orc:2)
  A manticore (D:12)
  Maurice (D:11)
  11 black mambas
  Psyche (D:8)
  22 elephants
  21 spiny frogs
  5 fire drakes
  11 komodo dragons
  A demonic crawler (Lair:5)
  A merfolk (D:10)
  A queen bee (Lair:1)
  A two-headed ogre (Orc:2)
  7 trolls
  3 slime creatures (D:12)
  26 blink frogs
  A vampire (D:10)
  A shadow (D:12)
  A tarantella (shapeshifter) (D:12)
  A spriggan (D:10)
  A wyvern (D:12)
  8 basilisks
  A fire elemental (Orc:2)
  35 yaks
  3 hogs (Orc:2)
  Eustachio (D:5)
  17 hippogriffs
  A hungry ghost (D:12)
  4 vampire mosquitoes (D:9)
  10 wolves
  A mottled dragon (D:12)
  8 wargs
  A soldier ant (D:12)
  Duvessa (D:5)
  10 porcupines
  3 ice beasts
  15 water moccasins
  A black bear (D:12)
  22 orc warriors
  3 sky beasts
  An eye of draining (D:12)
  14 ogres
  A phantom (D:7)
  2 necrophages
  4 centaurs
  16 crocodiles
  A gnoll sergeant (D:4)
  2 big kobolds (D:10)
  Blork the orc (Orc:1)
  24 giant frogs
  A wyvern zombie (D:12)
  A wyvern skeleton (D:10)
  Dowan (D:5)
  6 scorpions
  24 killer bees
  2 wights (D:12)
  3 electric eels (Lair:3)
  3 crimson imps
  A quasit (D:9)
  9 orc priests
  A centaur zombie (D:12)
  2 giant frog zombies (D:12)
  5 hounds
  7 jellies
  2 centaur skeletons
  Crazy Yiuf (D:5)
  6 giant frog skeletons
  4 iguanas
  34 orc wizards
  10 worker ants
  10 sheep
  2 wolf simulacra (Lair:8)
  2 mummies (D:12)
  14 gnolls
  14 adders
  40 river rats
  7 shadow imps
  2 oozes (Lair:6)
  An adder skeleton (D:9)
  5 worms
  8 giant geckos
  83 orcs
  8 bats
  8 giant cockroaches
  16 hobgoblins
  7 jackals
  3 quokkas
  2 ball pythons
  5 giant newts
  28 goblins
  14 kobolds
  A quokka zombie (D:5)
  23 rats
  7 fungi
  3 plants
808 creatures vanquished.

Vanquished Creatures (collateral kills)
  A gnoll (D:4)
1 creature vanquished.

Vanquished Creatures (others)
  A centaur skeleton (D:10)
  A centaur (D:10)
  A killer bee (Lair:1)
  8 fungi
  6 plants
17 creatures vanquished.

Grand Total: 826 creatures vanquished

Notes
Turn   | Place    | Note
--------------------------------------------------------------
     0 | D:1      | Gagarin the High Elf Wizard began the quest for the Orb.
     0 | D:1      | Reached XP level 1. HP: 11/11 MP: 6/6
   213 | D:1      | Reached XP level 2. HP: 17/17 MP: 1/7
   371 | D:1      | Learned a level 2 spell: Repel Missiles
   470 | D:1      | Reached skill level 4 in Spellcasting
   476 | D:1      | Upgraded the game from 0.18-a0-1211-g828307d to 0.18-a0-1225-g5d63bca
   479 | D:1      | Learned a level 2 spell: Blink
  1092 | D:2      | Reached XP level 3. HP: 8/21 MP: 3/9
  1366 | D:2      | Learned a level 3 spell: Mephitic Cloud
  2056 | D:3      | Noticed an ogre
  2245 | D:3      | Found a shimmering altar of Xom.
  2432 | D:3      | Found a white marble altar of Elyvilon.
  2436 | D:3      | Found a stormy altar of Qazlal.
  2436 | D:3      | Found a snail-covered altar of Cheibriados.
  2441 | D:3      | Found a glowing golden altar of the Shining One.
  2513 | D:3      | Found a radiant altar of Vehumet.
  2525 | D:3      | Became a worshipper of Vehumet
  2623 | D:3      | Found a faded altar to an unknown god.
  2849 | D:4      | Reached XP level 4. HP: 27/27 MP: 5/11
  3045 | D:4      | Found Umacumea's Weapon Boutique.
  3530 | D:4      | Reached skill level 5 in Spellcasting
  3530 | D:4      | Reached XP level 5. HP: 20/31 MP: 2/13
  3679 | D:4      | Learned a level 3 spell: Conjure Flame
  3880 | D:4      | Bought a +0 blowgun for 32 gold pieces
  4559 | D:4      | Reached XP level 6. HP: 15/37 MP: 0/15
  4696 | D:4      | Reached * piety under Vehumet
  4696 | D:4      | Offered knowledge of Shock by Vehumet.
  4831 | D:5      | Entered Level 5 of the Dungeon
  4980 | D:5      | Noticed Dowan
  4995 | D:5      | Killed Dowan
  4995 | D:5      | Reached skill level 1 in Fighting
  4995 | D:5      | Reached skill level 1 in Air Magic
  5005 | D:5      | Noticed Duvessa
  5028 | D:5      | Killed Duvessa
  5028 | D:5      | Reached skill level 1 in Throwing
  5028 | D:5      | Reached skill level 6 in Spellcasting
  5028 | D:5      | Reached skill level 1 in Poison Magic
  5056 | D:5      | Reached XP level 7. HP: 18/43 MP: 3/17
  5370 | D:5      | Noticed Crazy Yiuf
  5404 | D:5      | Killed Crazy Yiuf
  5615 | D:5      | Found Gilets's Antique Armour Emporium.
  5649 | D:5      | Found Waptesol's Antique Weapon Shoppe.
  5655 | D:5      | Reached skill level 1 in Evocations
  5658 | D:5      | Noticed Eustachio
  5661 | D:5      | Reached skill level 7 in Spellcasting
  5864 | D:5      | Killed Eustachio
  5864 | D:5      | Reached skill level 5 in Conjurations
  5868 | D:5      | Reached XP level 8. HP: 48/48 MP: 7/19
  6894 | D:6      | Offered knowledge of Throw Flame by Vehumet.
  6905 | D:6      | Reached ** piety under Vehumet
  7110 | D:6      | Reached skill level 8 in Spellcasting
  7392 | D:7      | Reached skill level 1 in Short Blades
  7685 | D:7      | Reached XP level 9. HP: 51/53 MP: 2/22
  7690 | D:7      | Learned a level 3 spell: Dazzling Spray
  7772 | D:7      | Reached skill level 9 in Spellcasting
  7926 | D:7      | Reached skill level 5 in Dodging
  8018 | D:7      | Found a staircase to the Ecumenical Temple.
  8027 | Temple   | Entered the Ecumenical Temple
  8412 | D:7      | Found Wecorelu's General Store.
  8417 | D:7      | Bought 2 potions of brilliance for 96 gold pieces
  8834 | D:8      | Found a snail-covered altar of Cheibriados.
  8871 | D:8      | Offered knowledge of Static Discharge by Vehumet.
  8944 | D:8      | Found a sparkling altar of Nemelex Xobeh.
  8960 | D:8      | Found a bloodstained altar of Trog.
  9105 | D:8      | Noticed Psyche
  9211 | D:8      | Killed Psyche
  9211 | D:8      | Reached *** piety under Vehumet
  9314 | D:8      | Found an ancient bone altar of Kikubaaqudgha.
  9574 | D:8      | Noticed a hill giant
  9586 | D:8      | Killed a hill giant
  9586 | D:8      | Reached skill level 1 in Hexes
  9651 | D:9      | Reached skill level 10 in Spellcasting
  9749 | D:9      | Reached XP level 10. HP: 59/59 MP: 2/25
  9784 | D:9      | Found a shadowy altar of Dithmenos.
  9974 | D:9      | Got a clouded iron ring
 10005 | D:9      | Identified the ring of the Priest {rN+ Str+8} (You found it on level 9 of the Dungeon)
 10128 | D:9      | Offered knowledge of Olgreb's Toxic Radiance by Vehumet.
 10698 | D:9      | Reached **** piety under Vehumet
 10698 | D:9      | Reached skill level 5 in Stealth
 11029 | D:10     | Entered Level 10 of the Dungeon
 11107 | D:10     | Noticed Azzok's ghost (novice TrMo)
 11127 | D:10     | Killed Azzok's ghost
 11127 | D:10     | Reached skill level 1 in Fire Magic
 11145 | D:10     | Found a flagged portal.
 11156 | Bailey   | Entered a bailey
 11181 | Bailey   | Offered knowledge of Force Lance by Vehumet.
 11305 | Bailey   | Noticed an orc knight
 11376 | Bailey   | Killed an orc knight
 11599 | Bailey   | Noticed an orc warlord
 11791 | D:10     | Reached ***** piety under Vehumet
 11832 | D:10     | Noticed a deep elf mage
 11863 | D:10     | Killed a deep elf mage
 11863 | D:10     | Reached XP level 11. HP: 59/65 MP: 1/26
 12020 | D:10     | Learned a level 1 spell: Corona
 12143 | D:10     | Offered knowledge of Conjure Ball Lightning by Vehumet.
 12311 | D:10     | Found Qucheuc's Magic Scroll Shop.
 12320 | D:10     | Bought a scroll of identify for 28 gold pieces
 12320 | D:10     | Bought a scroll of enchant armour for 105 gold pieces
 12320 | D:10     | Bought a scroll of identify for 28 gold pieces
 12320 | D:10     | Bought a scroll of identify for 28 gold pieces
 12320 | D:10     | Bought 3 scrolls of fog for 84 gold pieces
 12968 | D:10     | Reached skill level 11 in Spellcasting
 13163 | D:11     | Noticed Maurice
 13180 | D:11     | Killed Maurice
 13293 | D:11     | Found a staircase to the Lair.
 13461 | D:11     | Reached skill level 5 in Throwing
 13593 | Lair:1   | Entered Level 1 of the Lair of Beasts
 13755 | Lair:1   | Learned a level 3 spell: Confuse
 13761 | Lair:1   | Learned a level 5 spell: Bolt of Magma
 14734 | Lair:1   | Reached skill level 10 in Conjurations
 15401 | Lair:2   | Noticed an eight-headed hydra
 15409 | Lair:2   | Noticed a five-headed hydra
 15469 | Lair:1   | Killed a five-headed hydra
 15491 | Lair:1   | Reached skill level 12 in Spellcasting
 15721 | Lair:1   | Killed an eight-headed hydra
 15721 | Lair:1   | Reached XP level 12. HP: 36/72 MP: 29/29
 16009 | Lair:2   | Noticed a four-headed hydra
 16033 | Lair:2   | Killed a four-headed hydra
 16476 | Lair:2   | Learned a level 2 spell: Swiftness
 16684 | Lair:2   | Noticed a six-headed hydra
 16688 | Lair:2   | Killed a six-headed hydra
 17245 | Lair:3   | Found a staircase to the Shoals.
 17344 | Lair:3   | Offered knowledge of Poisonous Cloud by Vehumet.
 18310 | Lair:3   | Reached skill level 5 in Short Blades
 18310 | Lair:3   | Reached skill level 13 in Spellcasting
 18310 | Lair:3   | Reached skill level 5 in Hexes
 19089 | D:3      | Learned a level 3 spell: Ignite Poison
 19359 | Lair:4   | Reached skill level 1 in Earth Magic
 19418 | Lair:4   | Noticed a six-headed hydra
 19426 | Lair:4   | Killed a six-headed hydra
 19451 | Lair:4   | Learned a level 3 spell: Gell's Gravitas
 20198 | Lair:4   | Reached XP level 13. HP: 77/77 MP: 6/31
 20380 | Lair:4   | Reached skill level 1 in Transmutations
 21413 | Lair:5   | Found a radiant altar of Vehumet.
 21850 | Lair:5   | Found a hole to the Spider Nest.
 21870 | Lair:5   | Reached skill level 14 in Spellcasting
 23028 | Lair:6   | Reached skill level 10 in Dodging
 23598 | Lair:6   | Found a staircase to the Slime Pits.
 24260 | Lair:7   | Reached XP level 14. HP: 84/84 MP: 24/33
 24319 | Lair:7   | Reached ****** piety under Vehumet
 24477 | Lair:7   | Learned a level 6 spell: Poisonous Cloud
 24706 | Lair:7   | Offered knowledge of Iskenderun's Battlesphere by Vehumet.
 24713 | Lair:7   | Learned a level 5 spell: Iskenderun's Battlesphere
 24930 | Lair:7   | Got a slimy brass amulet
 24932 | Lair:7   | Identified the amulet of Wuanu {Regen+ Str+4} (You found it on level 7 of the Lair of Beasts)
 25884 | Lair:8   | Entered Level 8 of the Lair of Beasts
 25993 | Lair:8   | Reached skill level 5 in Fire Magic
 26212 | Lair:8   | Noticed Nessos
 26221 | Lair:8   | Killed Nessos
 26221 | Lair:8   | Reached skill level 1 in Armour
 26474 | Lair:8   | Reached skill level 15 in Spellcasting
 26955 | Lair:7   | Upgraded the game from 0.18-a0-1225-g5d63bca to 0.18-a0-1229-ge9a1a01
 27175 | D:11     | Offered knowledge of Fireball by Vehumet.
 27449 | D:11     | Noticed Snorg
 27461 | D:11     | Killed Snorg
 28413 | D:12     | Found a staircase to the Orcish Mines.
 28977 | D:12     | Offered knowledge of Delayed Fireball by Vehumet.
 29183 | Orc:1    | Entered Level 1 of the Orcish Mines
 29194 | Orc:1    | Noticed a stone giant
 29204 | Orc:1    | Killed a stone giant
 29267 | Orc:1    | Noticed Harold
 29288 | Orc:1    | Killed Harold
 29326 | Orc:1    | Noticed Blork the orc
 29326 | Orc:1    | Noticed Nergalle
 29330 | Orc:1    | Killed Blork the orc
 29507 | Orc:1    | Reached XP level 15. HP: 80/90 MP: 8/35
 29524 | Orc:1    | Killed Nergalle
 29893 | Orc:2    | Entered Level 2 of the Orcish Mines
 30125 | Orc:2    | Found a roughly hewn altar of Beogh.
 30330 | Orc:2    | Reached skill level 5 in Air Magic
 30498 | Orc:2    | Found a roughly hewn altar of Beogh.
 30522 | Orc:2    | Found Qocrazu's Antique Armour Emporium.
 30522 | Orc:2    | Found Hasikuk's Antique Weapon Shop.
 30566 | Orc:2    | Bought a runed hat for 76 gold pieces
 30566 | Orc:2    | Bought a runed cloak for 85 gold pieces
 30708 | Orc:2    | Found Rizeesty's Magic Scroll Emporium.
 30708 | Orc:2    | Found Anirphe's Gadget Shop.
 30829 | Orc:2    | Bought a scroll of identify for 24 gold pieces
 30829 | Orc:2    | Bought a scroll of recharging for 114 gold pieces
 31005 | Orc:2    | Found a staircase to the Elven Halls.
 31237 | Elf:1    | Entered Level 1 of the Elven Halls
 31237 | Elf:1    | Noticed Kirke
 31312 | Orc:2    | Offered knowledge of Bolt of Fire by Vehumet.
 31528 | Orc:2    | Killed from afar by a deep elf mage

Vault maps used:
D:1:      dpeg_arrival_fog
D:2:      kennysheep_small_spiral
D:3:      overflow_temple_1_default, grunt_temple_overflow_open,
          ecumenical_altar_1, first_bread, minmay_item_behind_shaft,
          minmay_misc_feat_room, eino_tiny_chamber, minmay_misc_feat_columns,
          xom_teletrap_fun
D:4:      serial_shops, shop, lightli_minifort
D:5:      serial_shops, shop, nicolae_shop_temple_entry_statues_fountains,
          uniq_crazy_yiuf_cottage, uniq_duvessa, uniq_eustachio
D:6:      lemuel_ratsnest
D:7:      minmay_temple_entry_poolview, serial_shops, kennysheep_little_box
D:8:      kiku_gazebo_garden_becter, minitemple, basic_altar, uniq_psyche
D:9:      grunt_dithmenos_smoke_and_mirrors
D:10:     serial_shops, shop_statue, enter_bailey_3, hangedman_stone_soup
D:11:     david_lair_generic, uniq_maurice, uniq_snorg
D:12:     david_orc_1_choice, serial_undead, serial_undead_d, serial_undead_c,
          serial_undead_c, serial_undead_e
Temple:   eino_temple_water_12
Lair:1:   special_room, st_stairs_7, serial_bayou_pond_d
Lair:2:   nicolae_quartered_pool_super
Lair:3:   elwin_shoals_entry_rocks, serial_bayou_shore_a,
          infiniplex_staircase_pool, grunt_megastairs_5
Lair:4:   serial_bayou_shore_b
Lair:5:   wad_woods_structure_01, nicolae_spider_entry_non_spiders, basic_altar,
          lab_entry_generic
Lair:6:   nicolae_slime_entry_slimehenge, st_stairs_13, beast_lair_carwin_11
Lair:8:   wormcave, minivault_19, eino_house_with_fridge, grunt_megastairs_4,
          serial_bayou_shore_b, uniq_nessos
Orc:1:    sword_in_stone, uniq_nergalle, uniq_harold
Orc:2:    st_orc_town, mines2_david
Elf:1:    minmay_elf_arrival_circle, orc_legates, minivault_16, uniq_kirke,
          uniq_roxanne, uniq_donald
Bailey:   bailey_axe_minmay_hex_keep, bailey

Action                   |  1- 3 |  4- 6 |  7- 9 | 10-12 | 13-15 || total
-------------------------+-------+-------+-------+-------+-------++-------
Melee: Short sword       |     6 |     1 |       |       |       ||     7
       Dagger            |     5 |     9 |    58 |       |       ||    72
       Rapier            |       |       |    31 |   370 |   670 ||  1071
       Staff             |       |       |       |       |    46 ||    46
 Fire: Blowgun           |       |    14 |    44 |   118 |     4 ||   180
 Cast: Magic Dart        |   125 |   118 |   284 |   500 |   150 ||  1177
       Mephitic Cloud    |     1 |     9 |    18 |    66 |    74 ||   168
       Blink             |     1 |     3 |       |     7 |     6 ||    17
       Conjure Flame     |       |       |    11 |    28 |     6 ||    45
       Repel Missiles    |       |       |     3 |       |       ||     3
       Dazzling Spray    |       |       |    23 |   118 |    30 ||   171
       Confuse           |       |       |       |    67 |   120 ||   187
       Corona            |       |       |       |    10 |     1 ||    11
       Bolt of Magma     |       |       |       |    30 |   109 ||   139
       Ignite Poison     |       |       |       |     8 |   108 ||   116
       Gell's Gravitas   |       |       |       |     2 |     8 ||    10
       Poisonous Cloud   |       |       |       |       |    28 ||    28
       Iskenderun's Batt |       |       |       |       |     5 ||     5
Evoke: Wand              |       |     6 |     1 |     4 |     2 ||    13
       Deck              |       |       |       |       |     1 ||     1
  Use: Scroll            |     6 |     2 |     3 |    17 |     4 ||    32
       Potion            |       |     4 |     1 |     6 |     1 ||    12
 Stab: Sleeping          |     1 |       |       |       |    13 ||    14
       Distracted        |       |     1 |       |       |       ||     1
       Confused          |       |     1 |     4 |    34 |    64 ||   103
       Invisible         |       |       |     4 |     8 |     6 ||    18
  Eat: Chunk             |     5 |     8 |    14 |    27 |    31 ||    85
       Fruit             |       |       |       |     4 |       ||     4
       Bread ration      |       |       |       |     1 |       ||     1
       Meat ration       |       |       |       |       |     2 ||     2
       Beef jerky        |       |       |       |       |     2 ||     2
